Map: Coda LE (Void)

Players

Bop

  • Race: Zerg Zerg

IllIllIllIll - Winner!

  • Race: Protoss Protoss

VOD

Have the link to the VOD?

Description

Time

  • Played on: May 2, 2015, 11:20 p.m.
  • Length: 16:21
Show
View Real Time Build Order
Export as new Build Order

Bop Zerg 

Build Orders: Hatch First 

Get SALT Encoding   

  12  0:01  Drone  
  13  0:13  Overlord  
  13  0:19  Drone  
  14  0:31  Drone x2  
  14  0:35  Drone  
  17  0:54  Hatchery  
  16  0:57  Drone  
  16  1:00  Drone  
  18  1:04  Extractor  
  17  1:17  Spawning Pool  
  16  1:22  Drone  
  17  1:31  Drone x2  
  19  1:42  Drone  
  20  2:04  Queen  
  20  2:05  Queen  
  20  2:06  Metabolic Boost  
  20  2:08  Zergling x2  
  25  2:09  Zergling x2  
  26  2:15  Overlord  
  26  2:20  Drone  
  26  2:21  Drone  
  28  2:35  Drone x3  
  31  2:43  Lair  
  31  2:44  Drone  
  31  2:47  Drone  
  31  2:49  Drone  
  34  2:57  Overlord  
  33  3:05  Drone x2  
  33  3:11  Overlord  
  35  3:15  Queen  
  35  3:16  Drone x2  
  39  3:22  Drone x3  
  42  3:28  Drone x2  
  44  3:35  Drone x4  
  44  3:37  Spore Crawler  
  44  3:39  Spore Crawler  
  46  3:45  Hydralisk Den  
  46  3:48  Extractor x2  
  44  3:54  Drone x3  
  46  4:00  Overlord, Lurker Den  
  46  4:01  Drone x3  
  49  4:05  Overlord  
  49  4:16  Overlord  
  49  4:18  Zergling x2  
  49  4:19  Zergling x6  
  53  4:34  Extractor  
  53  4:38  Hydralisk x3  
  54  4:40  Drone x3  
  54  4:41  Zergling x2  
  54  4:42  Zergling x6  
  54  4:45  Drone  
  66  4:47  Overlord  
  66  4:51  Burrow  
  66  4:58  Hydralisk x2  
  70  5:04  Overlord x2  
  70  5:11  Hydralisk x2  
  74  5:21  Hatchery  
  72  5:37  Spire  
  69  5:49  Hydralisk  
  64  5:50  Hydralisk x4  
  64  5:53  Drone x5  
  78  6:09  Overlord  
  78  6:11  Drone x5  
  82  6:24  Overlord x2  
  82  6:25  Extractor  
  81  6:28  Extractor  
  81  6:32  Drone x6  
  86  6:33  Infestation Pit  
  83  6:48  Corruptor x4  
  83  6:50  Corruptor  
  93  6:57  Drone x5  
  98  7:07  Drone x7  
  104  7:15  Corruptor  
  104  7:16  Corruptor  
  104  7:21  Hive  
  108  7:24  Corruptor  
  110  7:34  Corruptor  
  112  7:50  Hatchery  
  111  7:53  Drone x2  
  111  7:54  Overlord x4  
  113  8:07  Zerg Flyer Weapons Level 1  
  113  8:16  Overseer  
  113  8:19  Extractor  
  112  8:20  Extractor  
  111  8:28  Corruptor x9  
  111  8:33  Drone x2  
  131  8:35  Evolution Chamber  
  131  8:37  Drone x7  
  131  8:38  Drone  
  138  8:43  Viper  
  138  8:46  Zergling x6  
  144  8:56  Overlord  
  144  8:58  Overseer  
  144  9:05  Lurker x3  
  144  9:09  Drone x4  
  151  9:10  Hatchery  
  151  9:16  Viper  
  150  9:22  Overlord x3  
  153  9:32  Ultralisk Cavern, Zerg Melee Weapons Level 1  
  153  9:36  Adrenal Glands  
  153  9:37  Zergling x2  
  153  9:38  Zergling x14  
  160  9:39  Overlord x2  
  157  10:03  Corruptor x5  
  167  10:10  Viper  
  167  10:11  Extractor  
  169  10:16  Extractor  
  168  10:30  Zergling x22  
  168  10:31  Zergling x6  
  168  10:34  Corruptor  
  168  10:35  Corruptor x4  
  186  10:36  Overlord  
  191  10:47  Chitinous Plating  
  188  10:56  Mutalisk  
  185  10:57  Mutalisk x3  
  188  11:15  Spore Crawler  
  188  11:16  Spore Crawler  
  188  11:18  Overseer  
  186  11:19  Spore Crawler  
  186  11:20  Spore Crawler  
  186  11:21  Spore Crawler  
  183  11:26  Ultralisk x2  
  183  11:27  Nydus Network  
  183  11:30  Viper  
  183  11:32  Viper  
  197  11:36  Overseer  
  200  11:44  Spore Crawler  
  200  11:45  Spore Crawler x2  
  197  11:56  Spore Crawler  
  197  11:57  Spore Crawler  
  189  12:24  Overlord x2  
  189  12:29  Zergling x22  
  183  12:48  Zerg Melee Weapons Level 2  
  183  12:53  Zergling x28  
  191  12:59  Queen x2  
  136  13:20  Mutalisk x11  
  136  13:21  Mutalisk x7  
  136  13:27  Mutalisk x2  
  136  13:33  Mutalisk x2  
  132  13:38  Viper x2  
  140  13:42  Viper  
  143  13:49  Mutalisk x2  
  143  13:50  Mutalisk  
  147  13:58  Mutalisk x2  
  140  14:11  Overlord x3  
  128  14:31  Nydus Canal  
  126  14:38  Viper  
  126  14:39  Viper x2  
  127  14:53  Zergling x2  
  127  14:54  Zergling x32  
  130  15:10  Corruptor  
  130  15:11  Corruptor x2  
  134  15:23  Zergling x2  
  134  15:24  Zergling x10  
  140  15:30  Viper  
  142  15:48  Overlord x2  
Show
View Real Time Build Order
Export as new Build Order

IllIllIllIll Protoss - Winner!

Build Orders: 1 Gate Expand, Carrier Rush 

Get SALT Encoding   

  12  0:00  Probe  
  13  0:13  Pylon  
  13  0:18  Probe  
  14  0:31  Probe (Chrono Boost)  
  15  0:36  Gateway  
  15  0:43  Probe (Chrono Boost)  
  16  0:52  Probe (Chrono Boost)  
  16  0:54  Assimilator  
  17  1:00  Probe (Chrono Boost)  
  19  1:13  Probe (Chrono Boost)  
  19  1:19  Probe (Chrono Boost)  
  20  1:30  Probe  
  21  1:33  Nexus  
  21  1:39  Pylon  
  21  1:42  Probe (Chrono Boost)  
  22  1:56  Assimilator  
  22  1:57  Probe (Chrono Boost)  
  23  2:01  Cybernetics Core  
  23  2:09  Probe (Chrono Boost)  
  23  2:12  Zealot  
  26  2:20  Probe (Chrono Boost)  
  26  2:22  Pylon  
  27  2:29  Probe  
  28  2:41  Mothership Core (Chrono Boost)  
  30  2:50  Probe (Chrono Boost)  
  31  2:53  Stargate  
  31  2:58  Probe (Chrono Boost)  
  33  2:59  Probe (Chrono Boost)  
  33  3:07  Probe  
  33  3:09  Probe  
  33  3:12  Pylon  
  35  3:19  Probe  
  36  3:21  Probe  
  37  3:31  Probe  
  37  3:33  Probe  
  38  3:45  Probe x2  
  38  3:48  Fleet Beacon  
  40  3:52  Forge  
  40  3:59  Probe x2  
  42  4:10  Carrier (Chrono Boost)  
  42  4:11  Probe x2, Pylon  
  42  4:12  Pylon  
  44  4:17  Assimilator  
  44  4:21  Assimilator  
  44  4:23  Probe x2  
  46  4:27  Photon Cannon  
  46  4:35  Probe (Chrono Boost)  
  46  4:36  Probe (Chrono Boost)  
  54  4:39  Photon Cannon  
  54  4:47  Probe (Chrono Boost), Graviton Catapult  
  54  4:48  Probe (Chrono Boost)  
  54  4:51  Protoss Air Weapons Level 1 (Chrono Boost)  
  56  4:55  Probe x2 (Chrono Boost)  
  58  5:03  Carrier (Chrono Boost)  
  58  5:04  Probe x2  
  58  5:06  Pylon  
  60  5:13  Pylon  
  60  5:17  Probe  
  60  5:18  Probe  
  68  5:33  Probe x2  
  70  5:45  Stargate  
  70  5:50  Carrier (Chrono Boost)  
  70  5:56  Probe x2  
  72  6:06  Carrier (Chrono Boost)  
  78  6:20  Pylon  
  78  6:31  Pylon  
  78  6:34  Assimilator  
  78  6:36  Protoss Air Weapons Level 2 (Chrono Boost)  
  78  6:39  Assimilator  
  84  6:43  Photon Cannon x2  
  84  6:45  Photon Cannon  
  84  6:49  Photon Cannon  
  84  6:56  Carrier (Chrono Boost)  
  84  7:03  Pylon  
  84  7:04  Pylon  
  84  7:05  Pylon  
  90  7:12  Carrier (Chrono Boost)  
  90  7:14  Nexus  
  90  7:17  Robotics Facility  
  96  7:54  Pylon  
  96  7:58  Carrier (Chrono Boost)  
  96  7:59  Carrier (Chrono Boost)  
  96  8:06  Observer  
  109  8:32  Protoss Air Weapons Level 3 (Chrono Boost)  
  109  8:39  Probe  
  110  8:51  Probe, Carrier (Chrono Boost)  
  110  8:54  Carrier (Chrono Boost)  
  111  9:00  Pylon  
  111  9:04  Probe  
  112  9:16  Probe  
  125  9:22  Photon Cannon  
  125  9:24  Photon Cannon  
  125  9:28  Probe  
  126  9:35  Pylon  
  126  9:48  Pylon, Stargate  
  134  10:17  Void Ray (Chrono Boost)  
  134  10:19  Void Ray (Chrono Boost)  
  134  10:31  Void Ray (Chrono Boost)  
  138  10:36  Nexus  
  138  10:37  Pylon  
  138  10:41  Assimilator  
  138  10:44  Assimilator  
  143  11:06  Void Ray x2 (Chrono Boost)  
  143  11:07  Void Ray (Chrono Boost)  
  147  11:12  Photon Cannon  
  147  11:15  Photon Cannon  
  147  11:16  Photon Cannon x2  
  147  11:18  Photon Cannon  
  147  11:19  Protoss Air Armor Level 1 (Chrono Boost)  
  147  11:20  Photon Cannon  
  147  11:21  Pylon, Carrier  
  147  11:22  Carrier x2  
  147  11:24  Photon Cannon  
  147  11:26  Photon Cannon  
  165  12:05  Observer  
  166  12:47  Void Ray x2  
  166  12:48  Void Ray  
  178  13:04  Photon Cannon  
  178  13:09  Photon Cannon  
  178  13:12  Pylon  
  148  13:30  Void Ray (Chrono Boost)  
  160  14:02  Protoss Air Armor Level 2 (Chrono Boost)  
  151  14:11  Stargate x2, Phoenix x3 (Chrono Boost)  
  157  14:19  Anion Pulse-Crystals (Chrono Boost)  
  147  14:32  Probe, Phoenix x3  
  154  14:39  Photon Cannon  
  154  14:40  Photon Cannon  
  154  14:44  Probe  
  154  14:45  Photon Cannon  
  155  14:46  Photon Cannon  
  155  14:50  Photon Cannon  
  147  14:55  Phoenix x2  
  147  14:57  Probe, Phoenix x3  
  154  15:12  Probe  
  155  15:18  Photon Cannon  
  155  15:20  Phoenix x2, Photon Cannon  
  159  15:22  Phoenix  
  159  15:24  Probe  
  162  15:34  Phoenix x2  
  166  15:36  Probe  
  167  15:44  Phoenix  
  167  15:48  Probe  
  170  15:51  Phoenix  
  170  15:53  Phoenix  
  170  15:56  Nexus  
  174  15:57  Pylon  
Tags
 
Add a new tag
Caveats
  • Supply blocks, unpowered buildings, or Contaminate may cause inaccurate times.
  • Supply counts are checked every 10 seconds.